 Dungeon Crawl Stone Soup version 0.29-a0-473-gacb4ef3bc5 (webtiles) character file.

Game seed: 2017728928735487306

43441 Lekart the Whirler (level 13, -6/119 HPs)
             Began as a White Draconian Chaos Knight on May 23, 2022.
             Was a Plaything of Xom.
             Shot with an arrow by Nessos (9 damage)
             ... while paralysed by Nessos
             ... on level 4 of the Lair of Beasts.
             The game lasted 00:24:31 (17758 turns).

Lekart the Whirler (White Draconian Chaos Knight)  Turns: 17758, Time: 00:24:31

Health: -6/119     AC: 12    Str: 22      XL:     13   Next: 90%
Magic:  13/13      EV:  2    Int: 12 (13) God:    Xom [.*....]
Gold:   1176       SH:  0    Dex: 17      Spells: 12/12 levels left

rFire   x . .      SeeInvis +   g - +9 hunting sling "Ogre's Demise" {flame, rF- rC+ Str+7 Dex+2}
rCold   + + .      Faith    .   p - +3 kite shield
rNeg    . . .      Spirit   .   (body armour unavailable)
rPois   .          Reflect  .   j - +0 hat {Will+}
rElec   .          Harm     .   E - +0 cloak
rCorr   .          Rampage  .   o - +2 pair of gloves {hurl}
Will    +....                   (no boots)
Stlth   ++........              (no amulet)
HPRegen 0.29/turn               n - +4 ring of slaying
MPRegen 0.13/turn               v - ring of see invisible

@: paralysed, lethally poisoned (-6 -> -17)
A: breathe frost, AC +8, unfitting armour, cold resistance 1, cold-blooded
a: Breathe Frost, Renounce Religion


You were on level 4 of the Lair of Beasts.
You worshipped Xom.
You were a plaything of Xom.
You visited 2 branches of the dungeon, and saw 15 of its levels.

You collected 1176 gold pieces.

Inventory:

Hand Weapons
 f - the +4 hand axe "Syrruke" {venom, rC- Will- Int+8 SInv}
   (You found it on level 2 of the Dungeon)

   It poisons the flesh of those it strikes.
   Int:       It affects your intelligence (+8).
   rC:        It makes you vulnerable to cold.
   SInv:      It lets you see invisible.
   Will:      It decreases your willpower.
 g - the +9 hunting sling "Ogre's Demise" (weapon) {flame, rF- rC+ Str+7 Dex+2}
   (You took it off a kobold on level 2 of the Dungeon)

   Any ammunition fired from it burns those it strikes, dealing additional fire
   damage.
   Str:       It affects your strength (+7).
   Dex:       It affects your dexterity (+2).
   rF:        It makes you vulnerable to fire.
   rC:        It protects you from cold.
 s - the +6 spear of Ofycawoo {vorpal, Will+ Int+5}
   (You found it on level 7 of the Dungeon)

   It inflicts extra damage upon your enemies.
   Int:       It affects your intelligence (+5).
   Will:      It increases your willpower.
 y - a +6 scimitar of freezing
 B - a +0 scimitar of flaming
Missiles
 k - 2 throwing nets
Armour
 j - a +0 hat of willpower (worn)
 o - a +2 pair of gloves of hurling (worn)
 p - a +3 kite shield (worn)
 E - a +0 cloak (worn)
Jewellery
 n - a +4 ring of slaying (left hand)
 v - a ring of see invisible (right hand)
 D - a ring of ice
 I - a ring of willpower
 N - a +6 ring of dexterity
Wands
 A - a wand of flame (12)
 C - a wand of polymorph (7)
 G - a wand of iceblast (9)
 H - a wand of paralysis (4)
Scrolls
 l - 3 scrolls of poison
 t - 10 scrolls of identify
 w - 3 scrolls of teleportation
 x - a scroll of blinking
 F - a scroll of amnesia
 K - a scroll of fog
 L - 2 scrolls of brand weapon
 O - a scroll of enchant armour
 P - a scroll of enchant weapon
Potions
 a - a potion of ambrosia
 c - 12 potions of curing
 d - 3 potions of flight
 e - 3 potions of haste
 h - a potion of resistance
 i - 5 potions of attraction
 m - 2 potions of magic
 q - 4 potions of heal wounds
 r - 3 potions of brilliance
 u - a potion of might
 z - 6 potions of mutation
 M - a potion of cancellation
Miscellaneous
 b - a piece from Xom's chessboard (15/15)
 J - a phantom mirror (inert)


   Skills:
 + Level 12.9 Fighting
 + Level 5.5 Long Blades
 + Level 2.2 Axes
 + Level 16.3 Slings
 + Level 7.2 Dodging
 + Level 7.8 Shields
 + Level 0.6 Evocations


You had 12 spell levels left.
You didn't know any spells.
Your spell library contained the following spells:

 Spells                   Type           Power      Damage    Failure   Level
 Sting                    Tmut/Pois      0%         1d3       63%         1
 Ensorcelled Hibernation  Hex/Ice        0%         N/A       77%         2
 Passwall                 Tmut/Erth      0%         N/A       77%         2
 Poisonous Vapours        Pois/Air       0%         N/A       77%         2
 Scorch                   Fire           0%         2d5       77%         2
 Confusing Touch          Hex            0%         N/A       94%         3
 Portal Projectile        Hex/Tloc       0%         N/A       94%         3
 Swiftness                Air            0%         N/A       94%         3
 Tukima's Dance           Hex            0%         N/A       94%         3
 Cause Fear               Hex            0%         N/A       100%        4
 Flame Wave               Conj/Fire      0%         2d4       100%        4
 Olgreb's Toxic Radiance  Pois           0%         N/A       100%        4
 Blade Hands              Tmut           0%         N/A       100%        5
 Iskenderun's Battlesphe  Conj           0%         2d6       100%        5
 Lightning Bolt           Conj/Air       0%         1d11      100%        5
 Yara's Violent Unravell  Hex/Tmut       0%         3d3       100%        5
 Iron Shot                Conj/Erth      0%         9d1       100%        6
 Summon Cactus Giant      Summ           0%         N/A       100%        6
 Dragon Form              Tmut           0%         N/A       100%        7
 Enfeeble                 Hex            0%         N/A       100%        7
 Ozocubu's Refrigeration  Ice            0%         4d5       100%        7
 Spellforged Servitor     Conj/Summ      0%         N/A       100%        7
 Ignition                 Fire           0%         3d3       100%        8
 Lehudib's Crystal Spear  Conj/Erth      0%         10d2      100%        8
 Dragon's Call            Summ           0%         N/A       100%        9


Dungeon Overview and Level Annotations

Branches:
Dungeon (13/15)              Lair (4/6) D:11          Snake (0/4) Lair:3
    Orc (0/2) D:11         Vaults (0/5) D:13
 Temple: D:4-7        Swamp: Lair:2-4    Shoals: Lair:2-4

Altars:
Cheibriados
Dithmenos
Hepliaklqana
Sif Muna
Trog
Vehumet
Wu Jian
Xom
Yredelemnul
Zin

Shops:
D:1 (

Annotations:
D:12 exclusion: downstairs
D:13 6 transporters, Josephine
Lair:2 1 runed translucent door, Piog's ghost, journeyman DsFi
Lair:3 exclusion: downstairs
Lair:4 Nessos


Innate Abilities, Weirdness & Mutations

You can breathe waves of freezing cold which knock back foes.
Your icy white scales are hard. (AC +8)
You cannot fit into any form of body armour.
Your flesh is cold resistant. (rC+)
You are cold-blooded and may be slowed by cold attacks.


Message History

Nessos wields a +1 longbow of flaming.
It bursts into flame!
Nessos shoots an arrow.
The arrow hits you! The arrow burns you.
You shoot a sling bullet. The sling bullet hits the yak.
The sling bullet burns the yak.
The yak is moderately wounded.
Nessos mumbles some strange words.
Nessos blinks!
You shoot a sling bullet. The sling bullet hits the yak!!
The sling bullet burns the yak.
You kill the yak!
Nessos gestures wildly while chanting.
Nessos seems to speed up.
Nessos zaps a wand.
You suddenly lose the ability to move!
Nessos shoots an arrow.
The arrow hits you! The arrow burns you.
You are poisoned.
Nessos shoots an arrow.
The arrow hits you! The arrow burns you.
You are more poisoned.
You feel extremely sick.
Xom's power touches on a nearby monster.
The yak flickers and vanishes for a moment.
You are now a plaything of Xom.
Nessos shoots an arrow.
The arrow hits you! The arrow burns you.
Nessos zaps a wand.
You resist with almost no effort.
You feel very sick.
Nessos mumbles some strange words.
Nessos blinks!
The yak gores you!
You feel very sick.
Nessos gestures wildly while chanting.
Nessos blinks!
Nessos zaps a wand.
The yak resists with some effort.
The yak gores you.
* * * LOW HITPOINT WARNING * * *
You feel very sick.
Nessos shoots an arrow.
The arrow hits the yak!!
The arrow burns the yak!
The yak gores you!
* * * LOW HITPOINT WARNING * * *
Nessos shoots an arrow.
The arrow barely misses the yak.
The arrow hits you!
* * * LOW HITPOINT WARNING * * *
The arrow burns you!
You die...
Xom thinks this is hilarious!

## ###. ######≈##
.#.#.#####.##P.#≈#
.c..††Y@....##..≈# #
.........§#....≈≈.≈≈# # ### ≈#
...........#.......≈###P#.. #≈#
#....§.###..##......≈....... #≈≈#
P..#... #..##....≈.≈...###. ≈≈≈#
..... #..........≈#### #.
≈≈≈##...##.# ##..#.##.#≈.##.###.
≈≈≈#.......P####..######.........
≈≈≈.<...# .........###....#P.##.♣


You could see Nessos (fast) and a yak (invisible).

Vanquished Creatures
  Gastronok (Lair:1)
  2 vault guards (D:13)
  4 hydras
  A boulder beetle (D:12)
  4 two-headed ogres
  A catoblepas (Lair:3)
  Erica (D:11)
  Urug (Lair:3)
  Nergalle (D:11)
  The ghost of raistware the Frost Mage, a novice HuIE (D:9)
  2 deep elf pyromancers (D:12)
  2 cyclopes
  An ugly thing (D:12)
  An elephant (Lair:2)
  3 black mambas (Lair:3)
  A torpor snail (Lair:4)
  A gargoyle (D:9)
  8 cane toads
  A kobold demonologist (D:11)
  A rime drake (Lair:3)
  2 komodo dragons
  5 trolls
  4 blink frogs (Lair:2)
  A tyrant leech (Lair:2)
  6 dream sheep (Lair:4)
  A culicivora (shapeshifter) (D:13)
  A water elemental (D:11)
  5 shadows
  5 wraiths
  A vampire (D:9)
  5 wyverns
  Eustachio (D:6)
  6 humans (D:8)
  6 basilisks
  45 yaks
  5 vampire mosquitoes
  A warg (D:6)
  4 swamp worms (Lair:4)
  20 water moccasins
  2 black bears
  An ice beast (D:6)
  10 orc warriors
  An ogre (D:6)
  21 wolves
  12 centaurs
  5 kobold brigands
  A phantom (D:6)
  12 bullfrogs
  3 gnoll sergeants
  2 elf zombies (D:8)
  2 elf skeletons (D:8)
  A necrophage (D:6)
  4 scorpions
  13 wights
  2 electric eels (Lair:2)
  7 howler monkeys
  10 orc priests
  3 jellies
  3 gnoll shamans
  8 hounds
  3 iguanas
  11 orc wizards
  Terence (D:2)
  6 adders
  21 gnolls
  2 shadow imps
  2 white imps
  A dart slug (D:3)
  44 orcs
  4 ball pythons
  An endoplasm (D:1)
  A giant cockroach (D:3)
  12 goblins
  4 hobgoblins
  10 jackals
  26 kobolds
  3 bats
  A frilled lizard (D:1)
  An orc skeleton (D:8)
  An orc zombie (D:8)
  5 rats
445 creatures vanquished.

Vanquished Creatures (collateral kills)
  A black mamba (Lair:3)
  Robin (D:2)
  2 bats (D:2)
  A goblin (D:2)
  A hobgoblin (D:2)
  A kobold (D:11)
7 creatures vanquished.

Vanquished Creatures (others)
  A hobgoblin (D:2)
  53 fungi
  78 plants
  4 toadstools (D:10)
136 creatures vanquished.

Grand Total: 588 creatures vanquished

Notes
Turn   | Place    | Note
-------+----------+-------------------------------------------
     0 | D:1      | Lekart the Draconian Chaos Knight began the quest for the
                  | Orb.
     0 | D:1      | Reached XP level 1. HP: 19/19 MP: 1/1
   289 | D:1      | Reached XP level 2. HP: 23/26 MP: 2/2
   683 | D:1      | Found Zoewyhoy's Weapon Emporium.
   963 | D:2      | XOM: stealth player
   963 | D:2      | Noticed Robin
   979 | D:2      | Identified the +4 hand axe "Syrruke" {venom, rC- Will-
                  | Int+8 SInv}
   983 | D:2      | XOM: enchant monster (good)
   988 | D:2      | XOM: divination: detect items
   992 | D:2      | XOM: noise
  1156 | D:2      | Identified the +9 hunting sling "Ogre's Demise" {flame, rF-
                  | rC+ Str+7 Dex+2}
  1162 | D:2      | Reached XP level 3. HP: 18/33 MP: 3/3
  1425 | D:2      | Noticed Terence
  1428 | D:2      | Killed Terence
  1429 | D:2      | Reached skill level 1 in Axes
  1452 | D:2      | Reached XP level 4. HP: 40/40 MP: 4/4
  1454 | D:2      | Killed Robin
  1820 | D:3      | XOM: polymorph hobgoblin -> goblin
  1887 | D:3      | Found a bloodstained altar of Trog.
  1972 | D:3      | XOM: 2-stop teleportation journey
  2233 | D:3      | You fall into a shaft and drop 3 floors!
  2241 | D:6      | Reached skill level 1 in Slings
  2241 | D:6      | Noticed a phantom
  2243 | D:6      | Reached XP level 5. HP: 47/47 MP: 5/5
  2247 | D:6      | Killed a phantom
  2248 | D:6      | Reached skill level 2 in Slings
  2250 | D:6      | XOM: cast spell 'Dispersal'
  2256 | D:6      | Reached XP level 6. HP: 25/53 MP: 6/6
  2466 | D:6      | XOM: divination: detect items
  2477 | D:6      | Noticed a warg
  2477 | D:6      | a gnoll sergeant changed into a warg
  2477 | D:6      | XOM: polymorph gnoll sergeant -> warg
  2478 | D:6      | Killed a warg
  2479 | D:6      | Reached skill level 3 in Slings
  2647 | D:6      | Noticed an ice beast
  2649 | D:6      | Killed an ice beast
  2650 | D:6      | Reached skill level 5 in Fighting
  2650 | D:6      | Reached skill level 4 in Slings
  2650 | D:6      | Your scales start taking on an icy white colour.
  2650 | D:6      | Reached XP level 7. HP: 61/61 MP: 7/7
  2650 | D:6      | Gained mutation: Your flesh is cold resistant. (rC+) [White
                  | Draconian growth]
  2652 | D:6      | XOM: summons friendly ufetubus
  2887 | D:6      | Reached skill level 5 in Slings
  2943 | D:6      | Noticed Eustachio
  2943 | D:6      | XOM: 1-stop teleportation journey
  2950 | D:6      | Killed Eustachio
  2951 | D:6      | Reached skill level 6 in Slings
  2951 | D:6      | Reached XP level 8. HP: 53/69 MP: 8/8
  2958 | D:6      | XOM: silly message
  3098 | D:6      | XOM: repel stairs
  3100 | D:6      | XOM: silly message
  3102 | D:6      | XOM: 5-stop teleportation journey
  3147 | D:6      | Reached skill level 7 in Slings
  3178 | D:6      | Got the Almanac of Attacks
  3192 | D:6      | XOM: noise
  3267 | D:6      | XOM: divination: detect creatures
  3618 | D:6      | Reached skill level 1 in Shields
  3882 | D:7      | XOM: divination: detect creatures
  3888 | D:7      | Reached skill level 8 in Slings
  3894 | D:7      | Identified the +6 spear of Ofycawoo {vorpal, Will+ Int+5}
  4000 | D:7      | Reached XP level 9. HP: 77/77 MP: 9/9
  4006 | D:7      | XOM: enchant monster (good)
  4019 | D:7      | XOM: swap monsters
  4029 | D:6      | XOM: stat loss: -1 Str (21/22)
  4498 | D:7      | Found a basalt altar of Yredelemnul.
  4597 | D:7      | Reached skill level 9 in Slings
  5277 | D:8      | Reached skill level 10 in Slings
  5290 | D:8      | XOM: confuse monster(s)
  5294 | D:8      | Reached XP level 10. HP: 60/86 MP: 10/10
  5447 | D:8      | Reached skill level 11 in Slings
  5465 | D:8      | XOM: noise
  5644 | D:8      | XOM: divination: detect creatures
  5808 | D:8      | XOM: silly message
  6252 | D:9      | Found a glowing silver altar of Zin.
  6300 | D:9      | XOM: silly message
  6407 | D:9      | Noticed a gargoyle
  6412 | D:9      | XOM: smoke on damage
  6425 | D:9      | Killed a gargoyle
  6772 | D:9      | Reached skill level 12 in Slings
  6808 | D:9      | XOM: cloud trail
  6859 | D:9      | Found an ornate altar of the Wu Jian Council.
  6860 | D:9      | Found a snail-covered altar of Cheibriados.
  7023 | D:9      | XOM: cloud trail
  7192 | D:9      | Found a runed translucent gate.
  7192 | D:9      | Found a runed translucent gate.
  7192 | D:9      | Found a runed translucent gate.
  7197 | D:9      | Noticed raistware's ghost (novice HuIE)
  7429 | D:9      | Reached XP level 11. HP: 89/95 MP: 11/11
  7706 | D:9      | Killed raistware's ghost
  7797 | D:10     | Entered Level 10 of the Dungeon
  8059 | D:8      | Found a hazy altar of Hepliaklqana.
  8141 | D:8      | Found a shimmering blue altar of Sif Muna.
  8268 | D:8      | Found a shimmering altar of Xom.
  8741 | D:10     | Noticed a two-headed ogre
  8747 | D:10     | XOM: noise
  8748 | D:10     | Killed a two-headed ogre
  8910 | D:10     | XOM: noise
  9010 | D:10     | Reached skill level 5 in Dodging
  9439 | D:10     | Found a radiant altar of Vehumet.
  9492 | D:10     | Reached skill level 13 in Slings
  9632 | D:11     | XOM: noise
  9650 | D:11     | Noticed Nergalle
  9654 | D:11     | XOM: confuse monster(s)
  9663 | D:11     | Killed Nergalle
  9799 | D:11     | Noticed a two-headed ogre
  9802 | D:11     | XOM: chaos upgrade
  9815 | D:11     | XOM: summons friendly shadow imp
  9892 | D:11     | XOM: summons friendly crimson imp
  9894 | D:11     | Killed a two-headed ogre
 10032 | D:11     | XOM: silly message
 10231 | D:11     | Found a staircase to the Orcish Mines.
 10319 | D:11     | Noticed Erica
 10325 | D:11     | Killed Erica
 10326 | D:11     | Reached skill level 10 in Fighting
 10395 | D:11     | XOM: smoke on damage
 10490 | D:11     | XOM: divination: magic mapping
 10582 | D:11     | Reached skill level 14 in Slings
 10600 | D:11     | Reached skill level 5 in Shields
 10603 | D:11     | Reached XP level 12. HP: 105/106 MP: 12/12
 10730 | D:11     | Found a shadowy altar of Dithmenos.
 10776 | D:11     | Found a staircase to the Lair.
 10827 | D:11     | XOM: silly message
 11431 | D:12     | Noticed a boulder beetle
 11441 | D:12     | Noticed a two-headed ogre
 11448 | D:12     | Killed a two-headed ogre
 11476 | D:12     | Killed a boulder beetle
 11552 | D:12     | XOM: silly message
 11579 | D:12     | XOM: potion effect (curing)
 11671 | D:12     | Noticed a seven-headed hydra
 11675 | D:12     | Killed a seven-headed hydra
 11675 | D:12     | XOM: draining
 11701 | D:12     | XOM: summons 2 hostile demons
 11938 | D:12     | XOM: noise
 12016 | D:13     | XOM: draining
 12182 | D:13     | Found a transporter.
 12183 | D:13     | Found a transporter.
 12210 | D:13     | XOM: summons 3 hostile shadow creatures
 12211 | D:13     | Noticed a centaur warrior
 12211 | D:13     | Noticed a centaur warrior
 12214 | D:13     | XOM: smoke on damage
 12495 | D:13     | Reached skill level 15 in Slings
 12598 | D:13     | XOM: enchant monster (bad)
 12686 | D:13     | Found a transporter.
 12687 | D:13     | Found a transporter.
 12716 | D:13     | Found a transporter.
 12719 | D:13     | Found a transporter.
 12730 | D:13     | XOM: 2-stop teleportation journey
 12809 | D:13     | Noticed a two-headed ogre
 12814 | D:13     | Killed a two-headed ogre
 12836 | D:13     | XOM is BORED!
 12836 | D:13     | XOM: summons 1 hostile demon
 12882 | D:13     | Found a gate to the Vaults.
 12882 | D:13     | Noticed a vault guard
 12882 | D:13     | Noticed a vault guard
 12882 | D:13     | Noticed a vault guard
 12882 | D:13     | Noticed a vault guard
 12884 | D:13     | Noticed a vault guard
 12888 | D:13     | Noticed a vault guard
 12893 | D:13     | Noticed a vault guard
 12959 | D:13     | Killed a vault guard
 12964 | D:13     | Killed a vault guard
 13133 | D:13     | XOM: chaos cloud
 13143 | D:13     | Noticed Josephine
 13145 | D:13     | HP: 5/102 [Josephine/ghostly fireball (29)]
 13151 | D:13     | XOM: torment (17/102 hp)
 13385 | D:12     | XOM: noise
 13500 | D:12     | XOM: divination: detect creatures
 13527 | Lair:1   | Entered Level 1 of the Lair of Beasts
 13582 | Lair:1   | Noticed Gastronok
 13588 | Lair:1   | XOM: confuse monster(s)
 13593 | Lair:1   | Killed Gastronok
 13723 | Lair:1   | XOM: summons friendly white imp
 13770 | Lair:1   | Reached skill level 5 in Long Blades
 13774 | Lair:1   | Reached XP level 13. HP: 98/116 MP: 13/13
 13892 | Lair:1   | XOM: 4-stop teleportation journey
 13965 | Lair:1   | XOM: god gift: +2 pair of gloves of hurling
 14266 | Lair:2   | Found a runed translucent door.
 14279 | Lair:2   | Found a shimmering altar of Xom.
 14279 | Lair:2   | Noticed Piog's ghost (journeyman DsFi)
 14279 | Lair:2   | Identified the +1 rapier "Oryak" {chaos, rC++}
 14416 | Lair:2   | XOM: destruction
 14778 | Lair:2   | XOM: polymorph seven-headed hydra -> tyrant leech
 15077 | Lair:3   | XOM: noise
 15115 | Lair:3   | Noticed Urug
 15124 | Lair:3   | Found a staircase to the Snake Pit.
 15247 | Lair:3   | XOM: 4-stop teleportation journey
 15682 | Lair:3   | Killed Urug
 15999 | Lair:3   | XOM: noise
 16076 | Lair:3   | XOM: repel stairs
 16254 | Lair:3   | XOM: summons 3 hostile shadow creatures
 16469 | Lair:3   | Reached skill level 16 in Slings
 16694 | Lair:4   | Noticed Nessos
 16880 | Lair:4   | XOM: noise
 17321 | Lair:4   | XOM: 3-stop teleportation journey
 17751 | Lair:4   | XOM: stat loss: -1 Int (12/13)
 17753 | Lair:4   | Paralysed by Nessos for 5 turns
 17755 | Lair:4   | XOM: enchant monster (bad)
 17758 | Lair:4   | HP: 3/119 [Nessos/arrow (15)]
 17758 | Lair:4   | Shot with an arrow by Nessos

Illustrated notes

Levels and vault maps discovered:
D:1:      heliophobic_arrival_enchanted_forest, layout_loops_ring, serial_shops,
          nicolae_shop_bloodbath_and_beyond, palyth_stone_intersect,
          hangedman_decor_riveting
D:2:      layout_rooms, uniq_terence, uniq_robin
D:3:      layout_loops_corners, trog_book, grunt_nemelex_the_gamble,
          guppyfry_early_orc_mine
D:6:      cheibrodos_barr_body, layout_cave_pods, hangedman_decor_peaks_small,
          uniq_eustachio
D:7:      layout_cave_pools, old_standard_altar, serial_gnoll_camp,
          gnoll_camp_mini_basic, gnoll_camp_mini_hut, gnoll_camp_mini_hut,
          gnoll_camp_mini_house, gnoll_camp_mini_loothouse
D:8:      erik_cavepeople, layout_loops_corners,
          nicolae_hepliaklqana_hazy_memory, mainiacjoe_overflow_chevrons,
          marbit_many_paths, nicolae_ossuary_entry_catacombs
D:9:      layout_layer_cave, chequers_temple_overflow_statue_of_worship,
          lemuel_crystal_altar, ebering_ghost_rock_garden, minmay_quadrilaterals
D:10:     layout_loops_cross, mainiacjoe_overflow_surrounded_room,
          minmay_gold_behind_fungi, kennysheep_donut
D:11:     layout_layer_cave, david_lair_generic, erik_orc_2,
          grunt_dithmenos_shadows, uniq_erica, uniq_nergalle
D:12:     layout_rooms
D:13:     layout_loops_ring, erik_vaults_2, serial_nicolae_subway,
          nicolae_sub_station_stone, nicolae_sub_station_metal,
          nicolae_sub_station_crystal, uniq_josephine
Lair:1:   layout_roguey, grunt_forest_large_clearings, uniq_gastronok
Lair:2:   layout_cave_shapes, ebering_ghost_xom, serial_bayou_pond_a,
          wad_woods_river_01
Lair:3:   layout_loops_ring, minmay_snake_entry_six_corridors, minivault_23,
          cheibrodos_lair_caveside_slide, kennysheep_basilisk_garden,
          infiniplex_staircase_pool_2, uniq_urug
Lair:4:   layout_loops_ring, palyth_hydra_swamp_entry, serial_rivers,
          chequers_serial_rivers_large_b, chequers_serial_rivers_micro_a,
          chequers_serial_rivers_micro_c, chequers_serial_rivers_large_a,
          chequers_serial_rivers_small_b, chequers_serial_rivers_micro_e,
          dreamdust_mushroom_princess, uniq_nessos

Skill      XL: |  1  2  3  4  5  6  7  8  9 10 11 12 13 |
---------------+----------------------------------------+-----
Fighting       | 4 5 6 7 8 10 11 12 | 12.9
Axes           | 1 2 |  2.2
Slings         | 1 2 4 6 8 10 12 14 15 16 | 16.3
Dodging        | 3 4 5 6 7 |  7.2
Shields        | 1 2 3 5 6 7 |  7.8
Long Blades    | 4 5 |  5.5
Evocations     | |  0.6

Action                   |  1- 3 |  4- 6 |  7- 9 | 10-12 | 13-15 || total
-------------------------+-------+-------+-------+-------+-------++-------
Melee: Falchion          |    40 |       |     4 |     4 |       ||    48
       Tailslap          |     8 |       |       |     9 |     3 ||    20
       Hand axe          |    39 |       |       |     5 |       ||    44
       Scimitar          |       |       |       |    26 |    25 ||    51
 Fire: Hunting sling     |     5 |    68 |   229 |   646 |   370 ||  1318
 Abil: Breathe Frost     |       |       |     4 |     4 |     1 ||     9
Evoke: Wand              |       |       |       |     2 |     1 ||     3
       Phantom mirror    |       |       |       |       |     1 ||     1
  Use: Scroll            |     6 |       |     8 |    16 |     6 ||    36
       Potion            |       |       |       |     8 |     2 ||    10
Armor: Skin              |    27 |     3 |    27 |    75 |    33 ||   165
Dodge: Dodged            |    80 |    26 |    41 |   159 |    59 ||   365
Block: Kite shield       |       |       |    38 |   215 |   113 ||   366

Table legend: (Time is in decaauts)
 A = Elapsed time spent in this place.
 B = Non-inter-level travel time spent in this place.
 C = Inter-level travel time spent in this place.
 D = Time resting spent in this place.
 E = Time spent auto-exploring this place.
 F = Levels seen in this place.
 G = Mean time per level.
                   A        B        C        D        E       F      G
               +--------+--------+--------+--------+--------+-----+--------+
         Total |  17939 |  17451 |    488 |   2619 |  12178 |  15 | 1195.9 |
       Dungeon |  13709 |  13321 |    388 |   2230 |   9058 |  11 | 1246.3 |
          Lair |   4229 |   4129 |    100 |    389 |   3120 |   4 | 1057.2 |
               +--------+--------+--------+--------+--------+-----+--------+

Top non-repeatable levels by time:
     D:6: 1888 daAuts
  Lair:3: 1760 daAuts
     D:9: 1730 daAuts
    D:11: 1639 daAuts
     D:8: 1538 daAuts
     D:7: 1280 daAuts
    D:10: 1186 daAuts
    D:13: 1171 daAuts
    D:12: 1010 daAuts
     D:1: 968 daAuts
  Lair:4: 929 daAuts
  Lair:2: 828 daAuts
     D:2: 730 daAuts
  Lair:1: 711 daAuts
     D:3: 565 daAuts
